cohdb
Replays
Latest Replays
All Replays
Popular Replays
Top Player Replays
Match Explorer
How It Works
Community
CoH3 Stats
Reddit
Sign in to upload your games and track your stats! →
Sign in with Steam
Match 30869493
Unlisted
Match 30869493
Overview
Messages
Build Orders
End
Kettenkrad Recon Vehicle
Construct Infanterie Kompanie
Selects Breakthrough Battlegroup
Selects Assault Grenadiers
MG 42 Machine Gun Team
Sniper
Construct Luftwaffe Kompanie
Selects Rapid Production
Jäger Squad
Jäger Squad
Medical Station
PaNzEr FaUsTiK
UArNext
ekki
Leave out all the rest
Blink
Ashley
0
0
Comments
sign in to comment!
No comments posted yet!